 Dungeon Crawl Stone Soup version 0.30.1-4-g462c640d31 (webtiles) character file.

Game seed: 11685915602478043895

424 Almogavar the Protected (level 6, 0/47 HPs)
             Began as a Gnoll Wanderer on Sept 7, 2023.
             Blown up by Ijyb (10 damage)
             ... with a mindburst bolt
             ... on level 4 of the Dungeon.
             The game lasted 00:14:17 (4094 turns).

Almogavar the Protected (Gnoll Wanderer)            Turns: 4094, Time: 00:14:18

Health: 0/47       AC: 19    Str: 13    XL:     6   Next: 96%
Magic:  20/20      EV: 10    Int: 11    God:
Gold:   228        SH:  0    Dex: 12    Spells: 11/12 levels left

rFire   . . .        l - +1 dagger (protect)
rCold   . . .        (no shield)
rNeg    . . .        c - +2 scale mail
rPois   .            m - +1 helmet
rElec   .            e - scarf {shadows}
rCorr   .            (no gloves)
SInv    .            (no boots)
Will    .....        (no amulet)
Stlth   +            r - ring of magical power
HPRegen 0.27/turn    (no ring)
MPRegen 0.17/turn

%: no passive effects
@: mighty, under a protective aura
A: fangs 1, strong nose, distributed training, subdued magic 1
a: no special abilities


You were on level 4 of the Dungeon.
You visited 1 branch of the dungeon, and saw 4 of its levels.

You collected 228 gold pieces.

Inventory:

Hand Weapons
 d - a +0 sling
 l - a +1 dagger of protection (weapon)
 t - a +3 quarterstaff of chaos
Armour
 c - a +2 scale mail (worn)
 e - a scarf of shadows (worn)
 m - a +1 helmet (worn)
 u - a +0 cloak
Magical Staves
 s - the staff of earth "Soigec" {Contam rF++ Dex+3 SInv}
   (You found it on level 3 of the Dungeon)

   [staff of earth]

   Base accuracy: +5 Base damage: 5 Base attack delay: 1.2 This weapon's minimum
   attack delay (0.6) is reached at skill level 12.
   Dex:       It affects your dexterity (+3).
   rF:        It greatly protects you from fire.
   SInv:      It lets you see invisible.
   Contam:    It causes magical contamination when unequipped.
   It falls into the 'Staves' category.
   It is a one-handed weapon.
Jewellery
 r - a ring of magical power (left hand)
Wands
 p - a wand of digging (8)
 q - a wand of roots (14)
 w - a wand of polymorph (9)
Scrolls
 a - a scroll of enchant weapon
 b - 2 scrolls of fog
 g - 3 scrolls of enchant armour
 i - a scroll of poison
 j - a scroll of brand weapon
 k - a scroll of immolation {unknown}
 o - 2 scrolls of teleportation {unknown}
 v - a scroll of identify
 x - a scroll of butterflies {unknown}
Potions
 f - a potion of might
 h - a potion of flight


   Skills:
 + Level 3.4 Fighting
 + Level 2.2 Short Blades
 + Level 2.2 Long Blades
 + Level 2.2 Axes
 + Level 2.2 Maces & Flails
 + Level 2.2 Polearms
 + Level 2.2 Staves
 + Level 2.2 Ranged Weapons
 + Level 2.2 Throwing
 + Level 8.8 Armour
 + Level 2.2 Dodging
 + Level 2.2 Stealth
 + Level 2.2 Shields
 + Level 2.2 Unarmed Combat
 + Level 3.6 Spellcasting
 + Level 1.8 Conjurations
 + Level 1.8 Hexes
 + Level 1.8 Summonings
 + Level 1.8 Necromancy
 + Level 1.8 Translocations
 + Level 2.8 Transmutations
 + Level 1.8 Fire Magic
 + Level 1.8 Ice Magic
 + Level 1.8 Air Magic
 + Level 1.8 Earth Magic
 + Level 1.8 Poison Magic
 + Level 5.2 Invocations
 + Level 3.4 Evocations


You had 11 spell levels left.
You knew the following spells:

 Your Spells              Type           Power      Damage    Failure   Level
a - Beastly Appendage     Tmut           12%        N/A       24%         1

Your spell library contained the following spells:

 Spells                   Type           Power      Damage    Failure   Level
 Apportation              Tloc           8%         N/A       34%         1
 Freeze                   Ice            16%        1d4       34%         1
 Necrotise                Necr           16%        1d4       34%         1
 Summon Small Mammal      Summ           16%        N/A       34%         1
 Ignite Poison            Fire/Tmut/Pois 5%         N/A       69%         3
 Frozen Ramparts          Ice            8%         1d2       73%         3
 Hailstorm                Conj/Ice       4%         3d4       73%         3
 Vhi's Electric Charge    Tloc/Air       8%         N/A       73%         3
 Arcjolt                  Conj/Air       2%         1d12      100%        5
 Plasma Beam              Fire/Air       2%         2x1d13    100%        6


Dungeon Overview and Level Annotations

Branches:
Dungeon (4/15)
 Temple: D:4-7

Altars:

Shops:
D:1 *

Annotations:
D:4 Ijyb


Innate Abilities, Weirdness & Mutations

You have very sharp teeth.
Your uncanny sense of smell can sniff out nearby items.
Your experience applies equally to all skills.
Your spells are a little easier to cast, but a little less powerful.


Message History

The orc is severely wounded.
Ijyb hits you but does no damage. The orc closely misses you.
You barely miss the orc.
The orc is severely wounded.
Ijyb zaps a wand.
Your mind is blasted!
The orc hits you but does no damage.
You hit the orc but do no damage.
The orc is severely wounded.
Ijyb hits you with a +0 dagger. The orc hits you but does no damage.
You hit the orc.
You kill the orc!
Ijyb zaps a wand.
Your mind is blasted!
You are too injured to fight recklessly!
You are too injured to fight recklessly!
Unknown command.
You closely miss Ijyb.
Ijyb zaps a wand.
Your mind is blasted!
* * * LOW HITPOINT WARNING * * *
You feel very mighty all of a sudden. Ijyb hits you but does no damage.
You miss Ijyb. Ijyb closely misses you.
You barely miss Ijyb. You puncture Ijyb!
Ijyb is moderately wounded.
Ijyb hits you but does no damage.
You closely miss Ijyb.
Ijyb is moderately wounded.
Ijyb hits you but does no damage.
You closely miss Ijyb.
Ijyb is moderately wounded.
Ijyb hits you but does no damage.
You hit Ijyb but do no damage.
Ijyb is moderately wounded.
Ijyb hits you with a +0 dagger.
* * * LOW HITPOINT WARNING * * *
You barely miss Ijyb.
Ijyb is moderately wounded.
Ijyb hits you but does no damage.
You closely miss Ijyb.
Ijyb is moderately wounded.
Ijyb zaps a wand.
Your mind is blasted!
You die...

#..............#
#(##...........#
#.##....#####.##
#.##....# #..##
#.##....# #...#
#.##....# #.#.#
#.###.### #.#.##
#.###.## #.#..#
#@)..... #.##.#
#)g..... #.##..
#...(... #. ###
#.......
#.......
#.......
#.......


You could see Ijyb.

Vanquished Creatures
  A hound (D:3)
  2 iguanas (D:4)
  Crazy Yiuf (D:3)
  Jessica (D:2)
  Natasha (thrice) (D:2)
  Robin (D:2)
  8 adders
  3 gnolls
  4 dart slugs
  3 orcs
  5 ball pythons
  4 bats
  5 endoplasms
  3 giant cockroaches
  17 goblins
  8 hobgoblins
  8 jackals
  A quokka (D:2)
  5 frilled lizards
  6 kobolds
  6 rats
95 creatures vanquished.

Notes
Turn   | Place    | Note
-------+----------+-------------------------------------------
     0 | D:1      | Almogavar the Gnoll Wanderer began the quest for the Orb.
     0 | D:1      | Almogavar set off with the following items: a +0 club, 2
                  | scrolls of fog, a +2 scale mail; and the following spell
                  | memorised: Beastly Appendage; and the following spells
                  | available to memorise: Ignite Poison.
     0 | D:1      | Reached XP level 1. HP: 17/17 MP: 4/4
    56 | D:1      | Reached XP level 2. HP: 21/23 MP: 5/5
   441 | D:1      | Reached XP level 3. HP: 27/28 MP: 7/7
   677 | D:1      | Found Laill's Assorted Antiques.
  1031 | D:2      | Noticed Robin
  1083 | D:1      | Reached skill level 1 in Short Blades
  1083 | D:1      | Reached skill level 1 in Long Blades
  1083 | D:1      | Reached skill level 1 in Axes
  1083 | D:1      | Reached skill level 1 in Maces & Flails
  1083 | D:1      | Reached skill level 1 in Polearms
  1083 | D:1      | Reached skill level 1 in Staves
  1083 | D:1      | Reached skill level 1 in Ranged Weapons
  1083 | D:1      | Reached skill level 1 in Throwing
  1083 | D:1      | Reached skill level 1 in Dodging
  1083 | D:1      | Reached skill level 1 in Stealth
  1083 | D:1      | Reached skill level 1 in Shields
  1083 | D:1      | Reached skill level 1 in Unarmed Combat
  1215 | D:2      | Killed Robin
  1216 | D:2      | Reached XP level 4. HP: 33/34 MP: 8/8
  1290 | D:2      | Reached skill level 1 in Conjurations
  1290 | D:2      | Reached skill level 1 in Hexes
  1290 | D:2      | Reached skill level 1 in Summonings
  1290 | D:2      | Reached skill level 1 in Necromancy
  1290 | D:2      | Reached skill level 1 in Translocations
  1290 | D:2      | Reached skill level 1 in Fire Magic
  1290 | D:2      | Reached skill level 1 in Ice Magic
  1290 | D:2      | Reached skill level 1 in Air Magic
  1290 | D:2      | Reached skill level 1 in Earth Magic
  1290 | D:2      | Reached skill level 1 in Poison Magic
  1418 | D:2      | Reached XP level 5. HP: 37/40 MP: 9/9
  1439 | D:2      | Noticed Jessica
  1460 | D:2      | Killed Jessica
  1498 | D:2      | Noticed Natasha
  1553 | D:2      | Killed Natasha
  1904 | D:2      | Noticed Natasha
  1915 | D:2      | Killed Natasha
  1916 | D:2      | Reached skill level 5 in Invocations
  1924 | D:2      | Noticed Natasha
  1935 | D:2      | Killed Natasha
  1936 | D:2      | Reached XP level 6. HP: 21/47 MP: 8/11
  2789 | D:3      | Identified the staff of earth "Soigec" {Contam rF++ Dex+3
                  | SInv}
  2985 | D:3      | Found a runed translucent door.
  2986 | D:3      | Noticed Crazy Yiuf
  3096 | D:3      | Killed Crazy Yiuf
  3858 | D:4      | HP: 2/46 [iguana (4)]
  3984 | D:4      | Gained mutation: Your spells are a little easier to cast,
                  | but a little less powerful. [mutagenic glow]
  4074 | D:4      | Noticed Ijyb
  4094 | D:4      | Blown up by Ijyb

Illustrated notes

Levels and vault maps discovered:
D:1:      dreamdust_arrival_beginning_and_end, layout_basic, serial_shops,
          nicolae_shop_tiny_waterfront, minmay_misc_feat_square,
          nicolae_figureground_sparkle
D:2:      layout_rooms, kennysheep_big_empty_room, uniq_jessica, uniq_natasha,
          uniq_robin
D:3:      layout_loops_ring, roderic_roman_lattice, uniq_crazy_yiuf_cottage
D:4:      nicolae_BIG_FREAKIN_CUBE, layout_basic, mainiacjoe_overflow_alcove_2,
          temple_statues, ebering_dispersal_statue_hall, uniq_ijyb

Skill      XL: |  1  2  3  4  5  6 |
---------------+-------------------+-----
Transmutations | 2 |  2.8
Short Blades   | 1 2 |  2.2
Long Blades    | 1 2 |  2.2
Axes           | 1 2 |  2.2
Maces & Flails | 1 2 |  2.2
Polearms       | 1 2 |  2.2
Staves         | 1 2 |  2.2
Ranged Weapons | 1 2 |  2.2
Throwing       | 1 2 |  2.2
Dodging        | 1 2 |  2.2
Stealth        | 1 2 |  2.2
Shields        | 1 2 |  2.2
Unarmed Combat | 1 2 |  2.2
Spellcasting   | 3 |  3.6
Conjurations   | 1 |  1.8
Hexes          | 1 |  1.8
Summonings     | 1 |  1.8
Necromancy     | 1 |  1.8
Translocations | 1 |  1.8
Fire Magic     | 1 |  1.8
Ice Magic      | 1 |  1.8
Air Magic      | 1 |  1.8
Earth Magic    | 1 |  1.8
Poison Magic   | 1 |  1.8
Fighting       | 3 |  3.4
Evocations     | 3 |  3.4
Invocations    | 5 |  5.2
Armour         | |  8.8

Action                     |  1- 3 |  4- 6 || total
---------------------------+-------+-------++-------
  Melee: Club              |    53 |       ||    53
         Kick              |     4 |    10 ||    14
         Bite              |    24 |    27 ||    51
         Headbutt          |     3 |     7 ||    10
         Short sword       |    35 |       ||    35
         Dagger            |   111 |   283 ||   394
         Punch             |     1 |     9 ||    10
         Staff             |       |   111 ||   111
   Fire: Sling             |    16 |     8 ||    24
   Cast: Beastly Appendage |     4 |     6 ||    10
    Use: Scroll            |     3 |     3 ||     6
         Potion            |       |     4 ||     4
 Armour: Scale mail        |   167 |   261 ||   428
  Dodge: Dodged            |   141 |   206 ||   347
